[Event "1st Goa GM Open 2018"]
[Site "Taleigao"]
[Date "2018.10.17"]
[Round "7"]
[White "Meftahi, Houssem"]
[Black "Jubin Jimmy"]
[Result "0-1"]
[ECO "E11"]
[WhiteElo "2119"]
[BlackElo "2308"]
[Annotator "NA"]
[PlyCount "90"]
[EventDate "2018.10.13"]
[EventType "swiss"]
[EventCountry "IND"]
[SourceTitle "playchess.com"]
[Source "ChessBase"]
[SourceQuality "1"]
[TimeControl "5400+30"]

1. d4 Nf6 2. c4 e6 3. Nf3 Bb4+ 4. Nbd2 O-O 5. a3 Be7 6. e4 d6 {[%emt 0:00:03] E11: Bogo-Indian} (6... d5 7. e5 Nfd7 8. Bd3 c5 9. h4 g6 10. O-O Nc6 11. Nb3 dxc4 12. Bxc4 cxd4 13. Re1 a5 14. Bh6 Re8 15. Rc1 Nb6 {1-0 (39) Ding,L (2804)-Saric,I (2689) Batumi 2018}) 7. Be2 Nbd7 8. O-O e5 9. d5 ({White should try} 9. b4 $11) 9... Nc5 10. Qc2 a5 $1 11. b3 {[%emt 0:00:04] LiveBook: 3 Games} Ne8 $146 ({Predecessor:} 11... Nh5 12. g3 Bh3 13. Re1 f5 14. Bb2 {0-1 (37) Atalik,E (2468)-Kosteniuk,A (2552) Heraklio 2017}) 12. Ne1 f5 13. f3 fxe4 14. fxe4 Rxf1+ 15. Nxf1 a4 16. b4 Nb3 17. Rb1 Nxc1 18. Rxc1 Bg5 19. Rd1 Nf6 20. Bf3 Bd7 21. Nd3 Qe8 22. c5 Bb5 23. Kh1 Qd7 24. Ng3 Rf8 25. Nf2 g6 26. Ne2 Be3 27. Nc3 Bc4 28. Re1 Bd4 $17 29. Ncd1 Bb3 30. Qc1 Kg7 31. Ne3 h5 32. Nh3 Nh7 33. Ng1 Qe7 34. c6 b5 35. Qd2 Ng5 36. Qe2 Rf4 37. Qxb5 Nxe4 38. Nh3 Qh4 39. Qe2 Nc3 40. Nxf4 Nxe2 41. Ne6+ Kh8 42. Rxe2 Bxe3 43. g3 Qc4 44. Kg2 e4 45. Rxe3 exf3+ 0-1

[Event "1st Goa GM Open 2018"]
[Site "Taleigao"]
[Date "2018.10.17"]
[Round "7"]
[White "Lokesh, N.."]
[Black "Toma, Katarzyna"]
[Result "1/2-1/2"]
[ECO "B35"]
[WhiteElo "2104"]
[BlackElo "2278"]
[Annotator "NA"]
[PlyCount "94"]
[EventDate "2018.10.13"]
[EventType "swiss"]
[EventCountry "IND"]
[SourceTitle "playchess.com"]
[Source "ChessBase"]
[SourceQuality "1"]
[TimeControl "5400+30"]

1. e4 c5 2. Nf3 Nc6 3. Nc3 g6 4. d4 cxd4 5. Nxd4 Bg7 6. Be3 Nf6 7. Bc4 Qa5 8. O-O O-O 9. Bb3 d6 10. Nd5 Re8 11. Nxf6+ {[%emt 0:20:11] LiveBook: 12 Games} Bxf6 12. Re1 Bd7 13. Nxc6 Bxc6 $11 14. Bd4 Be5 15. c3 Red8 16. Qf3 e6 17. Rad1 Kg7 18. Qe3 Ba4 19. f4 Bxb3 20. axb3 Bxd4 21. Rxd4 Qb6 22. Rb4 Qxe3+ 23. Rxe3 b6 24. Rd3 Kf6 25. Rc4 Ke7 26. Rc7+ Rd7 27. Rxd7+ Kxd7 28. e5 d5 29. c4 Rc8 30. cxd5 Rc1+ 31. Kf2 Rc2+ 32. Kf3 exd5 33. Rxd5+ Ke7 34. b4 Rxb2 35. b5 h5 36. h4 Rb3+ 37. Ke4 Rb2 38. Kf3 Rc2 39. Rd4 Rc5 40. Ra4 Rxb5 41. Rxa7+ Ke6 42. Rb7 Rb3+ 43. Ke4 Rb4+ 44. Kf3 f6 45. exf6 Kxf6 46. Rb8 Ke6 47. Rg8 Kf6 {[%emt 0:02:01] Ke4 Ke5+} 1/2-1/2

[Event "1st Goa GM Open 2018"]
[Site "Taleigao"]
[Date "2018.10.17"]
[Round "7"]
[White "Nayak Rajesh"]
[Black "Patil, Pratik"]
[Result "0-1"]
[ECO "B40"]
[WhiteElo "2084"]
[BlackElo "2280"]
[Annotator "NA"]
[PlyCount "74"]
[EventDate "2018.10.13"]
[EventType "swiss"]
[EventCountry "IND"]
[SourceTitle "playchess.com"]
[Source "ChessBase"]
[SourceQuality "1"]
[TimeControl "5400+30"]

1. e4 c5 2. Nf3 e6 3. d3 Nc6 4. g3 d6 5. Bg2 Nf6 6. O-O Be7 7. Nbd2 O-O 8. Re1 Qc7 {[%emt 0:01:24] LiveBook: 18 Games} 9. Nf1 Rb8 10. h4 b5 11. Ne3 Nd4 12. Nh2 b4 13. f4 Bb7 14. c3 $11 bxc3 15. bxc3 Nb5 16. Bd2 d5 17. e5 Nd7 18. Neg4 Na3 19. Nf3 c4 20. d4 Bc6 21. Ne3 Qa5 22. f5 Ba4 23. Qe2 Nc2 24. fxe6 Nxe1 25. exf7+ Rxf7 26. Rxe1 Nf8 27. e6 Rf6 28. Ne5 Rd8 29. Nf7 Bc6 30. Nxd8 Qxd8 31. Qh5 Qc7 32. Nf5 g6 33. Nxe7+ Qxe7 34. Qg5 Nxe6 35. Bxd5 Qd6 36. Bxc6 Nxg5 37. hxg5 Qxg3+ 0-1

[Event "1st Goa GM Open 2018"]
[Site "Taleigao"]
[Date "2018.10.17"]
[Round "7"]
[White "Sudhanshu Ranjan"]
[Black "Deshmukh, Anup"]
[Result "0-1"]
[ECO "E10"]
[WhiteElo "2060"]
[BlackElo "2267"]
[Annotator "NA"]
[PlyCount "130"]
[EventDate "2018.10.13"]
[EventType "swiss"]
[EventCountry "IND"]
[SourceTitle "playchess.com"]
[Source "ChessBase"]
[SourceQuality "1"]
[TimeControl "5400+30"]

1. d4 Nf6 2. c4 c5 3. d5 b5 4. Nf3 e6 5. dxe6 fxe6 6. cxb5 d5 7. e3 Bd6 {[%emt 0:01:19] LiveBook: 77 Games} 8. Nc3 O-O 9. e4 Bc7 10. Bd3 Nbd7 11. O-O Bb7 12. exd5 exd5 13. Ne2 $11 h6 14. Bf4 Nh5 15. Bxc7 Qxc7 16. Ng3 Nf4 17. Re1 Rf7 18. Bf1 Raf8 19. Rc1 Qb6 20. Rc2 Kh8 21. a4 Qa5 22. b3 Qb4 23. Rd2 d4 24. Ne5 Nxe5 25. Rxe5 Bd5 26. Rb2 d3 27. Rxd5 Nxd5 28. Qxd3 Nb6 29. Qd2 Qa3 30. Ne4 Rd7 31. Qc2 Rfd8 32. Rb1 Rd5 33. Rc1 Qb4 34. f3 Re5 35. Qc3 Qxc3 36. Rxc3 Rd1 37. Rxc5 Rxc5 38. Nxc5 Rc1 39. Ne6 Nd5 40. Kf2 Rc2+ 41. Kg3 Ne3 42. Bd3 Rb2 43. Nc5 Rxg2+ 44. Kf4 Nd5+ 45. Ke5 Nb4 46. h4 h5 47. Be4 Ra2 48. Na6 Nxa6 49. bxa6 Rb2 50. Bd5 g6 51. f4 Kg7 52. Bc4 Rb1 53. Kd6 Kf6 54. Kc6 Re1 55. a5 Re4 56. Kc5 Ke7 57. b4 Kd7 58. b5 Kc7 59. b6+ Kb8 60. bxa7+ Kxa7 61. Bd3 Rxf4 62. Bxg6 Rxh4 63. Kd6 Rh1 64. Ke5 h4 65. Kf4 Rf1+ 0-1